 Dungeon Crawl Stone Soup version 0.22-a0-533-g4d20840 (webtiles) character file.

254 CanOfBees the Conjurer (level 5, 0/41 HPs)
             Began as a Draconian Conjurer on June 22, 2018.
             Was an Initiate of Sif Muna.
             Slain by a bullfrog (4 damage)
             ... on level 3 of the Dungeon.
             The game lasted 00:12:48 (4761 turns).

CanOfBees the Conjurer (Draconian Conjurer)         Turns: 4761, Time: 00:12:48

Health: 0/41       AC:  5    Str: 11    XL:     5   Next: 91%
Magic:  3/9        EV: 12    Int: 16    God:    Sif Muna [......]
Gold:   145        SH:  0    Dex: 11    Spells: 9/10 levels left

rFire    . . .     SeeInvis .   d - +0 short sword
rCold    . . .     Gourm    .   (no shield)
rNeg     . . .     Faith    .   (armour unavailable)
rPois    .         Spirit   .   (helmet restricted)
rElec    .         Reflect  .   (no cloak)
rCorr    .         Harm     .   (no gloves)
MR       .....                  (no boots)
Stlth    ++........             (no amulet)
HPRegen  0.13/turn              (no ring)
MPRegen  0.11/turn              (no ring)

@: about to teleport
A: unfitting armour, cold-blooded, AC +5
a: Renounce Religion


You were on level 3 of the Dungeon.
You worshipped Sif Muna.
Sif Muna was noncommittal.
You were not hungry.

You visited 1 branch of the dungeon, and saw 3 of its levels.

You collected 145 gold pieces.

Inventory:

Hand Weapons
 d - a +0 short sword (weapon)
 k - a +2 whip of holy wrath
Scrolls
 a - a scroll of identify
 c - a scroll of enchant weapon
 f - 3 scrolls of remove curse
 g - a scroll of blinking {unknown}
 h - a scroll of amnesia
 i - a scroll of noise {unknown}
 j - a scroll of teleportation
Potions
 e - a potion of brilliance
Comestibles
 b - 3 rations
 l - 3 chunks of flesh


   Skills:
 + Level 1.8 Fighting
 - Level 2.0 Dodging
 - Level 2.0 Stealth
 + Level 3.2 Spellcasting
 * Level 5.8 Conjurations
 + Level 1.7 Invocations


You had 9 spell levels left.
You knew the following spells:

 Your Spells              Type           Power        Failure   Level  Hunger
a - Magic Dart            Conj           ###.         1%          1    None

Your spell library contained the following spells:

 Spells                   Type           Power        Failure   Level  Hunger
 Iskenderun's Mystic Bla  Conj           ###.....     17%         4    ####...
 Fulminant Prism          Conj/Hex       ##........   50%         4    ####...
 Dazzling Spray           Conj/Hex       ##....       17%         3    ###....
 Force Lance              Conj/Tloc      ##......     50%         4    ####...
 Searing Ray              Conj           ###...       2%          2    ##.....


Dungeon Overview and Level Annotations

Branches:
Dungeon (3/15)

Altars:
Dithmenos
Sif Muna


Innate Abilities, Weirdness & Mutations

Your plain brown scales are hard. (AC +5)
You cannot fit into any form of body armour.
You are cold-blooded and may be slowed by cold attacks.


Message History

You barely miss the bullfrog.
The bullfrog is heavily wounded.
The bullfrog closely misses you. The kobold hits you but does no damage.
You hit the bullfrog.
You tail-slap the bullfrog, but do no damage.
The bullfrog is severely wounded.
The bullfrog hits you but does no damage.
The bullfrog hits you!
* * * LOW HITPOINT WARNING * * *
The kobold hits you with a dagger.
* * * LOW HITPOINT WARNING * * *
As you read the scroll labeled GIGICU YNOCO, it crumbles to dust.
It is a scroll of amnesia.
Your memory of Searing Ray unravels.
The bullfrog hits you.
* * * LOW HITPOINT WARNING * * *
The kobold hits you but does no damage. The bullfrog misses you.
As you read the scroll labeled GUDWOCW IGOSU, it crumbles to dust.
You feel strangely unstable.
It was a scroll of teleportation.
The bullfrog hits you.
You die...

...# ###...###................##.
...# ##.....#..#.............#..
...####..#.#........#.#####...÷.#
.#...#..............#.# #..####
...#..................# #.##
##.#................### #..
#..................## #..
##..............K...### #....
#.............@F.....###.....##
#............####(.....#.....#.
##........♣♣.≈♣ ##(.#...........
##.........♣♣≈♣♣.#...............
..........♣♣♣≈P♣♣..>...K.........
.........♣♣♣♣.≈♣♣.........#......
..##.).♣♣♣♣♣P≈♣♣♣♣♣♣.............
..##...P♣≈P≈≈≈≈♣PP≈P.###....)....
..# .....≈.≈≈.≈≈≈≈........####...


You could see a bullfrog and a kobold.

Vanquished Creatures
  A centaur zombie (D:3)
  An orc wizard (D:2)
  Terence (D:2)
  Natasha (twice) (D:3)
  3 adders
  An ooze (D:3)
  3 worms
  3 dart slugs
  A leopard gecko (D:2)
  5 orcs (D:3)
  A ball python (D:2)
  5 giant cockroaches
  4 goblins
  9 hobgoblins
  7 kobolds
  A quokka (D:3)
  9 bats
  5 frilled lizards
  10 rats
72 creatures vanquished.

Notes
Turn   | Place    | Note
-------+----------+-------------------------------------------
     0 | D:1      | CanOfBees the Draconian Conjurer began the quest for the Orb.
     0 | D:1      | Reached XP level 1. HP: 14/14 MP: 3/3
   302 | D:1      | Reached XP level 2. HP: 18/20 MP: 5/5
   314 | D:1      | Learned a level 2 spell: Searing Ray
  1401 | D:2      | Reached XP level 3. HP: 26/26 MP: 2/6
  1956 | D:2      | Found a shadowy altar of Dithmenos.
  2069 | D:2      | Reached skill level 5 in Conjurations
  2144 | D:2      | Reached XP level 4. HP: 12/33 MP: 4/8
  2809 | D:3      | Noticed Terence
  2991 | D:3      | Found a deep blue altar of Sif Muna.
  3010 | D:3      | Became a worshipper of Sif Muna the Loreminder
  3467 | D:3      | Reached skill level 1 in Fighting
  3972 | D:2      | Killed Terence
  3972 | D:2      | Reached skill level 1 in Invocations
  3972 | D:2      | Reached XP level 5. HP: 39/40 MP: 1/9
  4556 | D:3      | Noticed Natasha
  4564 | D:3      | Killed Natasha
  4649 | D:3      | Noticed Natasha
  4658 | D:3      | Killed Natasha
  4761 | D:3      | Slain by a bullfrog

Vault maps used:
D:1:      eino_arrival_druids_welcome
D:2:      lemuel_round_altar
D:3:      lemuel_crystal_altar, minivault_14, serial_bayou_crossing,
          uniq_natasha, uniq_terence

Skill      XL: |  1  2  3  4 |
---------------+-------------+-----
Stealth        | 2 |  2.0
Dodging        | 2 |  2.0
Conjurations   | 5 |  5.8
Fighting       | 1 |  1.8
Spellcasting   | 3 |  3.2
Invocations    | 1 |  1.7

Action                   |  1- 3 |  4- 6 || total
-------------------------+-------+-------++-------
Melee: Unarmed           |    14 |    20 ||    34
       Tailslap          |    12 |     2 ||    14
       Short sword       |    66 |    37 ||   103
 Cast: Magic Dart        |    53 |    47 ||   100
       Searing Ray       |     4 |    15 ||    19
  Use: Scroll            |     2 |     3 ||     5
 Stab: Sleeping          |       |     1 ||     1
  Eat: Chunk             |     5 |     6 ||    11
       Ration            |       |     1 ||     1
Armor: Skin              |    24 |    19 ||    43
Dodge: Dodged            |    71 |    64 ||   135

Table legend:
 A = Spawn XP
 B = Non-spawn XP
 C = Spawn XP percentage of total XP
 D = Spawn monster count
 E = Non-spawn monster count
 F = Spawn count percentage of total count
 G = Total turns spent on level
                    A         B        C        D         E        F      G
               +---------+---------+-------+---------+---------+-------+---------
         Total |       0 |     364 |   0.0 |       0 |      72 |   0.0 |  4761
               +---------+---------+-------+---------+---------+-------+---------
           D:1 |       0 |      40 |   0.0 |       0 |      25 |   0.0 |  1707
           D:2 |       0 |     151 |   0.0 |       0 |      26 |   0.0 |  1999
           D:3 |       0 |     173 |   0.0 |       0 |      21 |   0.0 |  1055
               +---------+---------+-------+---------+---------+-------+---------
